AoeStats
← *MJT-Iwnl*

Glade

510491558Analyzed
1v1 RM · 1d ago on Oct 1, 2026· 24m 57s· 2 players
Game mode
Random Map
Map size
Tiny (2 player)
Population
200
Speed
Normal
Resources
Standard
Victory
Conquest
Starting age
Dark Age
Ending age
Imperial Age
RankedLock teamsTeams togetherTeam positionsShared explorationLock speedFull tech treeHidden civsTurbo modeCheats
Victory
Defeat
🇨🇳 Turks · China
911
+17
🇩🇪 Khmer · Germany
935
-17
nieson
12:37 Feudal Age
13:07 Horse Collar
13:14 Double-Bit Axe
16:45 Castle Age
16:09 Gold Mining
18:26 Loom
21:40 Imperial Age
21:17 Bow Saw
22:06 Gold Shaft Mining
24:55 Wheelbarrow
*MJT-Iwnl*
5:29 Loom
10:47 Feudal Age
14:44 Castle Age
12:39 Double-Bit Axe
13:27 Horse Collar
14:11 Stone Mining
14:38 Gold Mining
23:23 Wheelbarrow
22:33 Town Watch
24:12 Light Cavalry
25:02 Bloodlines
Connection lost

Rejoining the realm…

Still unreachable

The connection could not be restored.

Session expired

The server has moved on; the page needs a fresh start.